 Dungeon Sprint DCSS version 0.21-a0-297-ga3d34c2 (webtiles) character file.

4501 Kidiri the Eclecticist (level 10, 0/60 HPs)
             Began as a Deep Elf Fire Elementalist on Sept 28, 2017.
             Was the Champion of Vehumet.
             Succumbed to a killer bee's poison
             ... in the Dungeon (Sprint III: "The Ten Rune Challenge").
             The game lasted 00:08:16 (1581 turns).

Kidiri the Eclecticist (Deep Elf Fire Elementalist) Turns: 1581, Time: 00:08:17

Health: 0/60       AC:  6    Str:  5    XL:     10   Next: 16%
Magic:  23/32      EV: 18    Int: 24    God:    Vehumet [******]
Gold:   20         SH:  0    Dex: 17    Spells: 18/41 levels left

rFire    + . .     SeeInvis .   b - +0 dagger
rCold    + . .     Gourm    .   (no shield)
rNeg     . . .     Faith    .   a - +0 robe {rC+ rF+}
rPois    .         Spirit   .   (no helmet)
rElec    .         Reflect  .   (no cloak)
rCorr    .         Harm     .   (no gloves)
MR       +....     NoTele   +   (no boots)
Stlth    ++........             (no amulet)
HPRegen  0.20/turn              (no ring)
MPRegen  0.23/turn              (no ring)

@: lethally poisoned (0 -> -5)
A: hooves 1, thin metallic scales 1, yellow scales 1, agile 1, wild magic 1
a: Renounce Religion


You were in the Dungeon.
You worshipped Vehumet.
Vehumet was exalted by your worship.
You were hungry.

You visited 1 branch You collected 20 gold pieces.

Inventory:

Hand Weapons
 b - a +0 dagger (weapon)
Armour
 a - a +0 robe of resistance (worn)
 e - a +2 robe of cold resistance
Wands
 t - a wand of flame (33/48)
Scrolls
 i - a scroll of blinking
 l - 2 scrolls of holy word {unknown}
 m - a scroll of recharging
 n - 2 scrolls of remove curse {unknown}
Potions
 d - a potion of curing
 f - a potion of haste
 g - a potion of magic
 h - a potion of berserk rage
 p - 3 potions of flight
 s - 4 potions of mutation
Comestibles
 c - a bread ration
 o - 3 royal jellies
 r - a fruit


   Skills:
 + Level 6.2 Fighting
 + Level 7.3 Short Blades
 + Level 6.1 Armour
 + Level 9.0 Dodging
 - Level 2.4 Stealth
 * Level 16.0 Spellcasting
 + Level 9.8 Conjurations
 + Level 10.3 Fire Magic
 + Level 5.5 Ice Magic
 + Level 5.4 Earth Magic


You had 18 spell levels left.
You knew the following spells:

 Your Spells              Type           Power        Failure   Level  Hunger
a - Flame Tongue          Conj/Fire      #####        1%          1    None
b - Throw Flame           Conj/Fire      ######       1%          2    None
c - Conjure Flame         Conj/Fire      ######..     1%          3    None
d - Inner Flame           Hex/Fire       ######..     1%          3    None
e - Sticky Flame          Conj/Fire      ######..     1%          4    None
f - Fireball              Conj/Fire      ######....   1%          5    #......
g - Throw Frost           Conj/Ice       ######       1%          2    None
h - Stone Arrow           Conj/Erth      ######       1%          3    None


Dungeon Overview and Level Annotations

Branches:
Dungeon (1/1)

Altars:
Cheibriados
Dithmenos
Elyvilon
Fedhas
Gozag
Hepliaklqana
Kikubaaqudgha
Makhleb
Nemelex Xobeh
Okawaru
Qazlal
Ru
Sif Muna
Trog
Uskayaw
Vehumet
Wu Jian
Xom
Yredelemnul
Zin
The Shining One
Beogh
Jiyva
Lugonu

Annotations:
D exclusion: door


Innate Abilities, Weirdness & Mutations

You have large cloven feet.
You are partially covered in thin metallic scales. (AC +2)
You are partially covered in yellow scales. (AC +2)
You are agile. (Dex +2)
Your spells are a little harder to cast, but a little more powerful.


Message History

Casting: Flame Tongue
Confirm with . or Enter, or press ? or * to list all spells.
Aiming: Flame Tongue
Press: ? - help, Shift-Dir - straight line, f - killer bee
Aim: a killer bee (almost dead, inner flame)
The flame tongue hits the killer bee.
The killer bee explodes!
The fiery explosion engulfs you! You resist.
* * * LOW HITPOINT WARNING * * *
The fiery explosion engulfs the killer bee.
You kill the killer bee!
Vehumet accepts your kill.
You feel your power returning.
Your Dodging skill increases to level 9!
Vehumet accepts your kill.
You feel your power returning.
Your Spellcasting skill increases to level 16!
You are engulfed in blazing flames.
You resist.
* * * LOW HITPOINT WARNING * * *
You die...

#########################
≈§'.#.'...'.#.#.#§§††%≈≈#
§§#.#.#...##.#.#@##%%%≈≈#
§§#.#.#.).#.#.#.#.# %%≈≈≈
.§#...#...##.#.#.## .≈≈≈
▓▓▓▓▓▓▓▓▓▓#.#.#.#.# %%%
##.#.#.## %% +.#.#.#.# %
##.#.#.## #+#####


There were no monsters in sight!

Vanquished Creatures
  Erica (D)
  A centaur warrior (D)
  An unseen horror (D)
  A deep elf mage (D)
  A queen bee (D)
  A shadow (D)
  A spatial vortex (D)
  A necrophage (D)
  2 centaurs (D)
  An earth elemental (D)
  A water elemental (D)
  24 killer bees (D)
  A jelly (D)
  A wizard (D)
  Jessica (D)
  A necromancer (D)
  A kobold demonologist (D)
  3 humans (D)
  An ooze (D)
  A phantom (D)
  2 rats (D)
48 creatures vanquished.

Vanquished Creatures (others)
  2 draconian scorchers (D)
  3 yaktaurs (D)
  6 hellions (D)
  3 plants (D)
14 creatures vanquished.

Grand Total: 62 creatures vanquished

Notes
Turn   | Place    | Note
-------+----------+-------------------------------------------
     0 | D        | Kidiri the Deep Elf Fire Elementalist began the quest for the Orb.
     0 | D        | Reached XP level 1. HP: 10/10 MP: 6/6
    12 | D        | Reached skill level 4 in Spellcasting
    82 | D        | Noticed Jessica
    91 | D        | Killed Jessica
    91 | D        | Reached skill level 6 in Spellcasting
    91 | D        | Reached XP level 2. HP: 15/15 MP: 4/11
    91 | D        | Reached XP level 3. HP: 19/19 MP: 4/12
    95 | D        | Learned a level 2 spell: Throw Flame
    99 | D        | Learned a level 3 spell: Conjure Flame
   102 | D        | Killed a hellion
   103 | D        | Learned a level 3 spell: Inner Flame
   105 | D        | Killed a hellion
   107 | D        | Killed a hellion
   114 | D        | Killed a hellion
   128 | D        | Killed a yaktaur
   128 | D        | Killed a hellion
   130 | D        | Killed a hellion
   179 | D        | Reached skill level 7 in Spellcasting
   179 | D        | Reached skill level 5 in Fire Magic
   200 | D        | Killed a yaktaur
   214 | D        | Killed a white draconian scorcher
   270 | D        | Gained mutation: You are clumsy. (Dex -2) [potion of mutation]
   270 | D        | Gained mutation: You have large cloven feet. [potion of mutation]
   270 | D        | Gained mutation: You are frail. (-10% HP) [potion of mutation]
   270 | D        | Gained mutation: You have a pair of small antennae on your head. [potion of mutation]
   271 | D        | Lost mutation: You are clumsy. (Dex -2) [potion of mutation]
   271 | D        | Lost mutation: You are frail. (-10% HP) [potion of mutation]
   271 | D        | Lost mutation: You have a pair of small antennae on your head. [potion of mutation]
   271 | D        | Gained mutation: You are partially covered in thin metallic scales. (AC +2) [potion of mutation]
   271 | D        | Gained mutation: You are agile. (Dex +2) [potion of mutation]
   271 | D        | Gained mutation: Your spells are a little harder to cast, but a little more powerful. [potion of mutation]
   271 | D        | Gained mutation: You are partially covered in yellow scales. (AC +2) [potion of mutation]
   297 | D        | Noticed a water elemental
   300 | D        | Killed a water elemental
   300 | D        | Reached skill level 9 in Spellcasting
   300 | D        | Reached skill level 5 in Conjurations
   300 | D        | Reached XP level 4. HP: 24/24 MP: 9/17
   314 | D        | Learned a level 4 spell: Sticky Flame
   331 | D        | Killed a white draconian scorcher
   350 | D        | Found a radiant altar of Vehumet.
   351 | D        | Found a deep blue altar of Sif Muna.
   351 | D        | Found an ancient bone altar of Kikubaaqudgha.
   351 | D        | Noticed a wizard
   354 | D        | Killed a wizard
   354 | D        | Reached XP level 5. HP: 26/28 MP: 8/19
   356 | D        | Reached skill level 10 in Spellcasting
   369 | D        | Learned a level 5 spell: Fireball
   374 | D        | Became a worshipper of Vehumet
   453 | D        | Found a glowing silver altar of Zin.
   454 | D        | Found a glowing golden altar of the Shining One.
   454 | D        | Found a white marble altar of Elyvilon.
   454 | D        | Noticed a deep elf mage
   476 | D        | Noticed a hellwing
   476 | D        | Killed a deep elf mage
   476 | D        | Reached skill level 5 in Dodging
   476 | D        | Reached skill level 12 in Spellcasting
   476 | D        | Reached XP level 6. HP: 30/36 MP: 7/23
   476 | D        | Reached XP level 7. HP: 34/40 MP: 7/24
   568 | D        | Found an ornate altar of the Wu Jian Council.
   568 | D        | Found a roughly hewn altar of Beogh.
   568 | D        | Found an iron altar of Okawaru.
   568 | D        | Found a bloodstained altar of Trog.
   568 | D        | Found a hide-covered altar of Uskayaw.
   568 | D        | Noticed a human
   570 | D        | Noticed a human
   576 | D        | Killed a human
   582 | D        | Killed a human
   582 | D        | Reached * piety under Vehumet
   582 | D        | Offered knowledge of Freeze by Vehumet.
   728 | D        | Found a basalt altar of Yredelemnul.
   728 | D        | Found a shadowy altar of Dithmenos.
   728 | D        | Found a sacrificial altar of Ru.
   736 | D        | Reached skill level 13 in Spellcasting
   821 | D        | Noticed a shadow
   821 | D        | Killed a shadow
   821 | D        | Reached ** piety under Vehumet
   821 | D        | Offered knowledge of Throw Frost by Vehumet.
   821 | D        | Reached XP level 8. HP: 48/48 MP: 15/27
   825 | D        | Learned a level 2 spell: Throw Frost
   882 | D        | Found a blossoming altar of Fedhas.
   882 | D        | Found a stormy altar of Qazlal.
   882 | D        | Found a snail-covered altar of Cheibriados.
   882 | D        | Found a burning altar of Makhleb.
   882 | D        | Found a shimmering altar of Xom.
   883 | D        | Found a hazy altar of Hepliaklqana.
   883 | D        | Found an opulent altar of Gozag.
   883 | D        | Found a sparkling altar of Nemelex Xobeh.
   883 | D        | Found a corrupted altar of Lugonu.
   883 | D        | Found a viscous altar of Jiyva.
   907 | D        | Offered knowledge of Stone Arrow by Vehumet.
   907 | D        | Reached skill level 5 in Short Blades
   907 | D        | Reached skill level 1 in Ice Magic
   912 | D        | Learned a level 3 spell: Stone Arrow
  1006 | D        | Noticed Erica
  1007 | D        | Killed Erica
  1007 | D        | Reached skill level 14 in Spellcasting
  1089 | D        | Reached *** piety under Vehumet
  1113 | D        | Killed a yaktaur
  1165 | D        | Noticed a centaur warrior
  1169 | D        | Killed a centaur warrior
  1169 | D        | Offered knowledge of Dazzling Spray by Vehumet.
  1169 | D        | Reached skill level 5 in Fighting
  1169 | D        | Reached skill level 5 in Armour
  1169 | D        | Reached XP level 9. HP: 41/54 MP: 14/29
  1249 | D        | Noticed an unseen horror
  1255 | D        | Killed an unseen horror
  1255 | D        | Reached **** piety under Vehumet
  1255 | D        | Reached skill level 15 in Spellcasting
  1255 | D        | Reached skill level 10 in Fire Magic
  1529 | D        | Noticed a queen bee
  1532 | D        | Offered knowledge of Static Discharge by Vehumet.
  1544 | D        | Reached ***** piety under Vehumet
  1544 | D        | Reached skill level 5 in Ice Magic
  1553 | D        | Killed a queen bee
  1553 | D        | Reached skill level 5 in Earth Magic
  1553 | D        | Reached XP level 10. HP: 37/60 MP: 2/31
  1553 | D        | Reached ****** piety under Vehumet
  1581 | D        | Reached skill level 16 in Spellcasting
  1581 | D        | HP: 1/60 [cloud of flame (10)]
  1581 | D        | Succumbed to a killer bee's poison

Vault maps used:
D:        dungeon_sprint_mu

Skill      XL: |  1  2  3  4  5  6  7  8  9 10 |
---------------+-------------------------------+-----
Spellcasting   | 6 9 12 13 14 15 16 | 16.0
Conjurations   | 3 5 7 9 |  9.8
Fire Magic     | 4 6 7 8 9 10 | 10.3
Fighting       | 2 4 5 6 |  6.2
Short Blades   | 3 4 6 7 |  7.3
Armour         | 2 4 5 6 |  6.1
Dodging        | 5 6 8 9 |  9.0
Ice Magic      | 4 5 |  5.5
Earth Magic    | 3 5 |  5.4
Stealth        | |  2.4

Action                   |  1- 3 |  4- 6 |  7- 9 | 10-12 || total
-------------------------+-------+-------+-------+-------++-------
Melee: Unarmed           |     2 |       |       |       ||     2
       Kick              |     1 |       |       |     2 ||     3
       Dagger            |       |       |     1 |     8 ||     9
 Cast: Flame Tongue      |    21 |     9 |    55 |    11 ||    96
       Throw Flame       |     2 |       |       |       ||     2
       Conjure Flame     |     1 |       |     3 |       ||     4
       Sticky Flame      |       |     4 |    12 |     2 ||    18
       Inner Flame       |       |       |     6 |     2 ||     8
       Stone Arrow       |       |       |     7 |       ||     7
       Fireball          |       |       |     6 |       ||     6
  Use: Potion            |     2 |     1 |       |     1 ||     4
       Scroll            |       |       |     3 |       ||     3
  Eat: Chunk             |       |       |     2 |       ||     2
Armor: Robe              |       |     4 |     7 |     1 ||    12
Dodge: Dodged            |     6 |     5 |    11 |    14 ||    36

Table legend:
 A = Spawn XP
 B = Non-spawn XP
 C = Spawn XP percentage of total XP
 D = Spawn monster count
 E = Non-spawn monster count
 F = Spawn count percentage of total count
 G = Total turns spent on level
                    A         B        C        D         E        F      G
               +---------+---------+-------+---------+---------+-------+---------
         Total |       0 |    6430 |   0.0 |       0 |      48 |   0.0 |  1581
               +---------+---------+-------+---------+---------+-------+---------
             D |       0 |    6430 |   0.0 |       0 |      48 |   0.0 |  1581
               +---------+---------+-------+---------+---------+-------+---------
